 Dungeon Crawl Stone Soup version 0.29.0-4-gdea44cf6ec (webtiles) character file.

Game seed: 8838887650334183658

37394 qw the Severer (level 13, -2/88 HPs)
             Began as a Gargoyle Berserker on Sept 4, 2022.
             Was an Elder of Trog.
             Slain by a seven-headed hydra (8 damage)
             ... on level 5 of the Lair of Beasts.
             The game lasted 00:07:01 (20699 turns).

qw the Severer (Gargoyle Berserker)                Turns: 20699, Time: 00:07:01

Health: -2/88      AC: 30    Str: 24    XL:     13   Next: 96%
Magic:  13/13      EV:  9    Int: 10    God:    Trog [****..]
Gold:   1124       SH:  0    Dex:  9    Spells: 12/12 levels left

rFire   + . .      SeeInvis .   k - +0 morningstar
rCold   + . .      Faith    .   (no shield)
rNeg    + . .      Spirit   .   l - +2 chain mail {rC+}
rPois   inf        Reflect  .   g - +1 helmet
rElec   +          Harm     .   (no cloak)
rCorr   .          Rampage  .   e - +2 pair of gloves
Will    +....                   j - +0 pair of boots
Stlth   ..........              (no amulet)
HPRegen 0.24/turn               o - ring of protection from fire
MPRegen 0.13/turn               m - ring of willpower

@: about to teleport, on berserk cooldown, slowed, very slow
A: sickness immunity, AC +9, negative energy resistance 1, electricity
resistance, torment resistance 1, petrification resistance, fangs 1, talons 1
a: Renounce Religion, Berserk, Trog's Hand, Brothers in Arms


You were on level 5 of the Lair of Beasts.
You worshipped Trog.
Trog was greatly pleased with you.
You visited 2 branches of the dungeon, and saw 16 of its levels.

You collected 1178 gold pieces.
You spent 54 gold pieces at shops.


Innate Abilities, Weirdness & Mutations

You are immune to sickness and miasma.
Your stone body is resilient. (AC +9)
You are immune to poison.
You resist negative energy. (rN+)
You are resistant to electric shocks. (rElec)
You are resistant to unholy torment.
You are immune to petrification.
You have very sharp teeth.
You have sharp toenails.


   Skills:
 - Level 13.0 Fighting
 - Level 16.0 Axes
 - Level 5.0 Throwing
 + Level 10.7 Armour
 - Level 3.3 Dodging


You had 12 spell levels left.
You didn't know any spells.
Your spell library was empty.

Inventory:

Hand Weapons
 k - a +0 morningstar (weapon)
 Y - a +3 war axe of protection
Missiles
 t - 20 boomerangs (quivered)
Armour
 e - a +2 pair of gloves (worn)
 g - a +1 helmet (worn)
 j - a +0 pair of boots (worn)
 l - a +2 chain mail of cold resistance (worn)
 n - a +0 plate armour
Jewellery
 a - a ring of protection from fire
 m - a ring of willpower (right hand)
 o - a ring of protection from fire (left hand)
Scrolls
 d - 6 scrolls of identify
 h - 9 scrolls of teleportation
Potions
 b - a potion of heal wounds
 f - 9 potions of curing
 i - 2 potions of cancellation
 r - a potion of mutation

Dungeon Overview and Level Annotations

Branches:
Dungeon (11/15)            Temple (0/1) D:5            Lair (5/5) D:11
 Shoals (0/4) Lair:3       Spider (0/4) Lair:2        Slime (0/5) Lair:5
    Orc (0/2) D:9

Altars:
Cheibriados
Hepliaklqana
Kikubaaqudgha
Nemelex Xobeh
Okawaru
Qazlal
Trog
Wu Jian
Zin
Jiyva

Shops:
D:1 ?!*(   D:10 (

Portals:
Trove: D:10 (give 2 scrolls of acquirement)

Annotations:
D:4 2 runed translucent doors, qw's ghost, amateur BaCK
D:11 3 runed translucent doors, qw's ghost, journeyman GrBe
Lair:1 3 runed translucent doors, qw's ghost, journeyman FoCA


Message History

The seven-headed hydra bites you.
The seven-headed hydra closely misses you.
The seven-headed hydra bites you but does no damage.
The seven-headed hydra bites you.
The seven-headed hydra bites you but does no damage.
You hit the seven-headed hydra.
The seven-headed hydra is lightly wounded.
The cane toad barely misses you.
The seven-headed hydra bites you but does no damage. x3
The seven-headed hydra closely misses you.
The seven-headed hydra bites you but does no damage.
The seven-headed hydra bites you.
The seven-headed hydra bites you but does no damage.
Your two-headed ogre hits the cane toad with a +0 giant spiked club!!
Your two-headed ogre barely misses the cane toad.
The cane toad stings you but does no damage.
You hit the cane toad but do no damage.
The cane toad is severely wounded.
The seven-headed hydra bites you!
The seven-headed hydra bites you but does no damage. x2
The seven-headed hydra bites you.
The seven-headed hydra bites you but does no damage.
The seven-headed hydra bites you.
The seven-headed hydra bites you but does no damage.
The cane toad stings you but does no damage.
Your two-headed ogre barely misses the cane toad.
Your two-headed ogre hits the cane toad with a +0 giant club!!
The cane toad dies!
Trog accepts your kill.
20699 ||| READING 10 scrolls of teleportation.
As you read the scroll of teleportation, it crumbles to dust.
You feel strangely unstable.
The seven-headed hydra barely misses you. x2
The seven-headed hydra bites you but does no damage.
The seven-headed hydra bites you.
The seven-headed hydra bites you but does no damage.
The seven-headed hydra barely misses you.
The seven-headed hydra completely misses you.
The seven-headed hydra bites you!
You die...

.........###P...........
....%...###P............
........# ##............
.........###...?........
........###P............
........# #.............
........# ##....##..P#..
..........#.....$##.##
........####....@...#
......... #....OD......
........ #............
....... #.............
....... #.............
######. ##.....((..... #
............. #
#............. #


You could see a seven-headed hydra (ally target) and a friendly two-headed ogre
(summoned, berserk).

Vanquished Creatures
  A boulder beetle (D:11)
  2 catoblepae (Lair:5)
  2 hydras
  5 death yaks (Lair:4)
  2 two-headed ogres
  Urug (Lair:1)
  Lodul (D:11)
  A lindwurm (Lair:1)
  2 manticores
  A cyclops (D:11)
  10 elephants
  6 black mambas
  8 cane toads
  10 komodo dragons
  An unseen horror (D:8)
  2 polar bears
  A queen bee (Lair:2)
  A wind drake (Lair:3)
  Prince Ribbit (D:5)
  3 hornets
  A troll (D:8)
  2 blink frogs (Lair:3)
  3 wraiths (D:11)
  3 shadows
  5 wyverns
  2 culicivoras (Lair:2)
  A vampire (D:11)
  4 basilisks
  21 yaks
  Eustachio (D:6)
  2 wargs (D:9)
  An acid dragon (D:10)
  11 water moccasins
  An ice beast (D:6)
  A sky beast (D:7)
  3 black bears
  4 orc warriors
  7 ogres
  14 wolves
  4 centaurs
  2 kobold brigands (D:8)
  Blork the orc (D:6)
  13 bullfrogs
  4 scorpions
  3 wights (D:7)
  36 killer bees
  3 howler monkeys
  11 orc priests
  2 hounds
  4 jellies
  A gnoll bouda (D:7)
  5 iguanas
  Jessica (D:2)
  16 orc wizards
  Natasha (thrice) (D:2)
  12 gnolls
  4 adders
  2 white imps
  An ufetubus (D:5)
  2 worms (D:2)
  2 dart slugs
  55 orcs
  6 ball pythons
  6 bats
  12 endoplasms
  2 giant cockroaches (D:1)
  11 goblins
  7 hobgoblins
  4 jackals
  11 kobolds
  2 quokkas
  5 frilled lizards
  8 rats
409 creatures vanquished.

Vanquished Creatures (collateral kills)
  A cane toad (Lair:5)
  A blink frog (Lair:3)
  A bullfrog (Lair:3)
3 creatures vanquished.

Vanquished Creatures (others)
  An orc wizard (D:4)
  14 fungi
  17 plants
32 creatures vanquished.

Grand Total: 444 creatures vanquished

Notes
Turn   | Place    | Note
-------+----------+-------------------------------------------
     0 | D:1      | qw the Gargoyle Berserker began the quest for the Orb.
     0 | D:1      | Reached XP level 1. HP: 14/14 MP: 1/1
     0 | D:1      | 0 ||| qw: Version: 0.1-a-103-gd6f5d3a
     0 | D:1      | 0 ||| qw: Game counter: 5721
     0 | D:1      | 0 ||| qw: Always use a shield: true
     0 | D:1      | 0 ||| qw: Do Orc after D:15 true
     0 | D:1      | 0 ||| qw: Do second Lair branch before Depths: true
     0 | D:1      | 0 ||| qw: Lair rune preference: random
     0 | D:1      | 0 ||| qw: Plans: Normal
     0 | D:1      | 0 ||| PLANNING D:1-11
    21 | D:1      | Found Jaanonni's Weapon Shop.
    26 | D:1      | 26 ||| SHOPLISTING +0 whip (35 gold, have 0).
    26 | D:1      | 26 ||| SHOPLISTING +2 whip of freezing (231 gold, have 0).
    72 | D:1      | 72 ||| INVOKING Berserk.
    76 | D:1      | Reached skill level 3 in Axes
    76 | D:1      | Reached XP level 2. HP: 19/19 MP: 2/2
   224 | D:1      | Found Guaq's Distillery.
   258 | D:1      | 258 ||| SHOPLISTING 2 potions of curing (84 gold, have 0).
   258 | D:1      | 258 ||| SHOPLISTING potion of curing (42 gold, have 0).
   258 | D:1      | 258 ||| SHOPLISTING potion of haste (140 gold, have 0).
   258 | D:1      | 258 ||| SHOPLISTING potion of heal wounds (70 gold, have
                  | 0).
   258 | D:1      | 258 ||| SHOPLISTING potion of resistance (140 gold, have
                  | 0).
   352 | D:1      | 352 ||| Stepping randomly (stuck).
   387 | D:1      | 387 ||| Stepping randomly (stuck).
   465 | D:1      | Reached XP level 3. HP: 23/23 MP: 3/3
   525 | D:1      | 525 ||| Stepping randomly (stuck).
   608 | D:1      | 608 ||| Stepping randomly (stuck).
   610 | D:1      | 610 ||| Stepping randomly (stuck).
   612 | D:1      | 612 ||| Stepping randomly (stuck).
   613 | D:1      | 613 ||| Stepping randomly (stuck).
   614 | D:1      | 614 ||| Stepping randomly (stuck).
   615 | D:1      | 615 ||| Stepping randomly (stuck).
   670 | D:1      | 670 ||| Stepping ~*~*~tactically~*~*~ (stealth).
   672 | D:1      | 672 ||| Stepping ~*~*~tactically~*~*~ (stealth).
   706 | D:1      | 706 ||| Stepping ~*~*~tactically~*~*~ (stealth).
   708 | D:1      | 708 ||| Stepping ~*~*~tactically~*~*~ (stealth).
   806 | D:1      | 806 ||| Stepping ~*~*~tactically~*~*~ (stealth).
   807 | D:1      | 807 ||| Stepping ~*~*~tactically~*~*~ (stealth).
   815 | D:1      | 815 ||| Stepping ~*~*~tactically~*~*~ (stealth).
   816 | D:1      | 816 ||| Stepping ~*~*~tactically~*~*~ (stealth).
   822 | D:1      | 822 ||| Stepping ~*~*~tactically~*~*~ (stealth).
   823 | D:1      | 823 ||| Stepping ~*~*~tactically~*~*~ (stealth).
   842 | D:1      | 842 ||| INVOKING Berserk.
  1068 | D:1      | You fall into a shaft and drop 1 floor!
  1145 | D:1      | Found a faded altar of an unknown god.
  1171 | D:1      | Found Oceoxug's Magic Scroll Emporium.
  1180 | D:1      | 1180 ||| SHOPLISTING scroll of enchant weapon (97 gold,
                  | have 45).
  1180 | D:1      | 1180 ||| BUYING scroll of identify (26 gold).
  1180 | D:1      | Bought a scroll of identify for 26 gold pieces
  1180 | D:1      | 1180 ||| SHOPLISTING scroll of identify (26 gold, have 19).
  1225 | D:1      | Reached skill level 4 in Axes
  1424 | D:1      | 1424 ||| Stepping ~*~*~tactically~*~*~ (stealth).
  1585 | D:1      | 1585 ||| UPGRADING to +0 pair of gloves.
  1590 | D:1      | 1590 ||| READING 2 scrolls of identify.
  1590 | D:1      | 1590 ||| IDENTIFYING dark potion
  1591 | D:1      | 1591 ||| Stepping randomly (stuck).
  1592 | D:1      | 1592 ||| Stepping randomly (stuck).
  1599 | D:1      | Found Ireutim's Assorted Antiques.
  1608 | D:1      | 1608 ||| SHOPLISTING 3 scrolls labelled SUHUOL QEMOP (84
                  | gold, have 32).
  1608 | D:1      | 1608 ||| SHOPLISTING polished chain mail (266 gold, have
                  | 32).
  1608 | D:1      | 1608 ||| SHOPLISTING runed lapis lazuli amulet (140 gold,
                  | have 32).
  1608 | D:1      | 1608 ||| BUYING scroll labelled YZURIAD XARIO (28 gold).
  1608 | D:1      | Bought a scroll labelled YZURIAD XARIO for 28 gold pieces
  1914 | D:1      | 1914 ||| READING scroll labelled YZURIAD XARIO.
  2053 | D:2      | 2053 ||| INVOKING Berserk.
  2163 | D:2      | 2163 ||| READING scroll labelled BEMOUT TOUNOA.
  2166 | D:2      | 2166 ||| Stepping randomly (stuck).
  2168 | D:2      | 2168 ||| Stepping randomly (stuck).
  2241 | D:2      | Noticed Jessica
  2246 | D:2      | Killed Jessica
  2247 | D:2      | Reached XP level 4. HP: 25/28 MP: 4/4
  2285 | D:2      | Noticed Natasha
  2288 | D:2      | 2288 ||| INVOKING Berserk.
  2290 | D:2      | Killed Natasha
  2305 | D:2      | Noticed Natasha
  2306 | D:2      | 2306 ||| Stepping ~*~*~tactically~*~*~ (stealth).
  2307 | D:2      | 2307 ||| Stepping ~*~*~tactically~*~*~ (stealth).
  2316 | D:2      | Killed Natasha
  2317 | D:2      | Reached skill level 5 in Axes
  2317 | D:2      | Reached XP level 5. HP: 32/32 MP: 5/5
  2463 | D:2      | Reached ** piety under Trog
  2675 | D:2      | Noticed Natasha
  2677 | D:2      | 2677 ||| INVOKING Berserk.
  2680 | D:2      | Killed Natasha
  3162 | D:2      | 3162 ||| UPGRADING to +0 robe of willpower.
  3172 | D:2      | 3172 ||| DROPPING +0 animal skin.
  3173 | D:2      | 3173 ||| DROPPING scarf of shadows.
  3174 | D:2      | 3174 ||| READING scroll labelled DOMYCA GUOCIR.
  3245 | D:3      | 3245 ||| Stepping ~*~*~tactically~*~*~ (stealth).
  3248 | D:3      | 3248 ||| Stepping ~*~*~tactically~*~*~ (stealth).
  3257 | D:3      | 3257 ||| INVOKING Berserk.
  3452 | D:3      | 3452 ||| SWAPPING to +0 war axe.
  3453 | D:3      | 3453 ||| DROPPING +0 hand axe.
  3886 | D:3      | 3886 ||| DROPPING +0 whip.
  4160 | D:3      | 4160 ||| DROPPING +0 leather armour.
  4161 | D:3      | 4161 ||| UPGRADING to +0 ring mail.
  4171 | D:3      | 4171 ||| DROPPING +0 robe of willpower.
  4172 | D:3      | 4172 ||| UPGRADING to +0 scale mail.
  4182 | D:3      | 4182 ||| DROPPING +0 ring mail.
  4183 | D:3      | 4183 ||| DROPPING scarf of shadows.
  4184 | D:3      | 4184 ||| READING scroll labelled MUPSIYSKI.
  4185 | D:3      | 4185 ||| READING scroll labelled PAETWE FUS.
  4186 | D:3      | 4186 ||| READING 2 scrolls labelled MYPROW RYUD.
  4187 | D:3      | 4187 ||| READING scroll labelled XIOFER MUDU.
  4188 | D:3      | 4188 ||| DRINKING 2 sapphire potions.
  4188 | D:3      | Gained mutation: You have sharp toenails. [potion of
                  | mutation]
  4188 | D:3      | Gained mutation: You have very sharp teeth. [potion of
                  | mutation]
  4189 | D:3      | 4189 ||| DROPPING scroll of fear.
  4219 | D:4      | 4219 ||| INVOKING Berserk.
  4224 | D:4      | Reached XP level 6. HP: 38/38 MP: 6/6
  4255 | D:4      | 4255 ||| FLEEEEING.
  4258 | D:4      | 4258 ||| STAIRDANCE
  4367 | D:4      | 4367 ||| Stepping ~*~*~tactically~*~*~ (stealth).
  4388 | D:4      | Reached *** piety under Trog
  4400 | D:4      | Found a runed translucent door.
  4406 | D:4      | Noticed qw's ghost (amateur BaCK)
  4434 | D:4      | 4434 ||| Stepping ~*~*~tactically~*~*~ (stealth).
  4455 | D:4      | 4455 ||| Stepping ~*~*~tactically~*~*~ (hiding).
  4457 | D:4      | 4457 ||| INVOKING Berserk.
  4459 | D:4      | Reached skill level 6 in Axes
  4599 | D:4      | 4599 ||| Stepping ~*~*~tactically~*~*~ (stealth).
  4661 | D:4      | 4661 ||| Stepping ~*~*~tactically~*~*~ (hiding).
  4666 | D:4      | 4666 ||| INVOKING Berserk.
  4675 | D:4      | 4675 ||| Stepping ~*~*~tactically~*~*~ (hiding).
  4682 | D:4      | Reached XP level 7. HP: 34/43 MP: 7/7
  4757 | D:4      | Reached skill level 7 in Axes
  4996 | D:4      | Found a runed translucent door.
  5020 | D:4      | 5020 ||| INVOKING Berserk.
  5391 | D:4      | 5391 ||| READING scroll labelled QOCOM FELIBLY.
  5392 | D:4      | 5392 ||| READING scroll labelled MISTRE DECRAVI.
  5393 | D:4      | 5393 ||| READING scroll labelled DUGEAC FIODDE.
  5494 | D:4      | 5494 ||| READING 2 scrolls of identify.
  5494 | D:4      | 5494 ||| IDENTIFYING lumpy blue potion
  5495 | D:4      | 5495 ||| DROPPING potion of invisibility.
  5525 | D:5      | Entered Level 5 of the Dungeon
  5595 | D:5      | Reached skill level 1 in Throwing
  5894 | D:5      | 5894 ||| Stepping ~*~*~tactically~*~*~ (stealth).
  5900 | D:5      | 5900 ||| Stepping ~*~*~tactically~*~*~ (stealth).
  5922 | D:5      | 5922 ||| Stepping ~*~*~tactically~*~*~ (stealth).
  6111 | D:5      | Reached XP level 8. HP: 49/49 MP: 8/8
  6234 | D:5      | Found a staircase to the Ecumenical Temple.
  6300 | D:5      | Noticed Prince Ribbit
  6307 | D:5      | 6307 ||| INVOKING Berserk.
  6314 | D:5      | Killed Prince Ribbit
  6315 | D:5      | Reached skill level 8 in Axes
  6478 | D:5      | 6478 ||| UPGRADING to +0 helmet.
  6483 | D:5      | 6483 ||| UPGRADING to +0 chain mail.
  6493 | D:5      | 6493 ||| UPGRADING to +0 plate armour.
  6503 | D:5      | 6503 ||| DROPPING +0 chain mail.
  6504 | D:5      | 6504 ||| DROPPING +0 scale mail.
  6505 | D:5      | 6505 ||| DROPPING amulet of faith.
  6506 | D:5      | 6506 ||| READING 2 scrolls labelled LEMOCV JUILEO.
  6507 | D:5      | 6507 ||| READING scroll labelled KOB SALLEIMP.
  6508 | D:5      | 6508 ||| DROPPING scroll of amnesia.
  6546 | D:6      | 6546 ||| READING scroll of enchant weapon.
  6546 | D:6      | 6546 ||| ENCHANTING +1 war axe of freezing.
  6561 | D:6      | Reached skill level 3 in Armour
  6586 | D:6      | 6586 ||| INVOKING Berserk.
  6736 | D:6      | Noticed Blork the orc
  6738 | D:6      | 6738 ||| INVOKING Berserk.
  6741 | D:6      | Killed Blork the orc
  6865 | D:6      | 6865 ||| Stepping ~*~*~tactically~*~*~ (stealth).
  7026 | D:6      | Noticed Eustachio
  7027 | D:6      | 7027 ||| Stepping ~*~*~tactically~*~*~ (stealth).
  7029 | D:6      | 7029 ||| Stepping ~*~*~tactically~*~*~ (hiding).
  7030 | D:6      | 7030 ||| Stepping ~*~*~tactically~*~*~ (hiding).
  7052 | D:6      | 7052 ||| INVOKING Berserk.
  7057 | D:6      | Killed Eustachio
  7058 | D:6      | Reached skill level 6 in Fighting
  7210 | D:6      | 7210 ||| Stepping ~*~*~tactically~*~*~ (hiding).
  7211 | D:6      | 7211 ||| Stepping ~*~*~tactically~*~*~ (hiding).
  7221 | D:6      | 7221 ||| Stepping ~*~*~tactically~*~*~ (stealth).
  7316 | D:6      | Reached XP level 9. HP: 49/55 MP: 9/9
  7481 | D:6      | 7481 ||| INVOKING Berserk.
  7483 | D:6      | Reached skill level 9 in Axes
  7621 | D:6      | 7621 ||| UPGRADING to ring of protection from fire.
  7622 | D:6      | 7622 ||| READING scroll labelled FOVEOC PUEM.
  7623 | D:6      | 7623 ||| DRINKING 2 clear potions.
  7624 | D:6      | 7624 ||| READING 3 scrolls of identify.
  7624 | D:6      | 7624 ||| IDENTIFYING emerald potion
  7625 | D:6      | 7625 ||| READING 2 scrolls of identify.
  7625 | D:6      | 7625 ||| IDENTIFYING inky potion
  7626 | D:6      | 7626 ||| DROPPING potion of brilliance.
  7627 | D:6      | 7627 ||| DROPPING potion of berserk rage.
  7745 | D:7      | 7745 ||| FLEEEEING.
  7746 | D:7      | 7746 ||| FLEEEEING.
  7747 | D:7      | 7747 ||| FLEEEEING.
  7748 | D:7      | 7748 ||| FLEEEEING.
  7749 | D:7      | 7749 ||| FLEEEEING.
  7750 | D:7      | 7750 ||| FLEEEEING.
  7752 | D:7      | 7752 ||| FLEEEEING.
  7753 | D:7      | 7753 ||| FLEEEEING.
  7754 | D:7      | 7754 ||| FLEEEEING.
  7755 | D:7      | 7755 ||| FLEEEEING.
  7756 | D:7      | 7756 ||| FLEEEEING.
  7757 | D:7      | 7757 ||| FLEEEEING.
  7759 | D:7      | 7759 ||| FLEEEEING.
  7760 | D:7      | 7760 ||| FLEEEEING.
  7761 | D:7      | 7761 ||| FLEEEEING.
  7762 | D:7      | 7762 ||| FLEEEEING.
  7763 | D:7      | 7763 ||| FLEEEEING.
  7764 | D:7      | 7764 ||| STAIRDANCE
  7825 | D:6      | 7825 ||| UPGRADING to ring of protection from fire.
  7835 | D:7      | 7835 ||| INVOKING Berserk.
  7845 | D:7      | 7845 ||| FLEEEEING.
  7846 | D:7      | 7846 ||| STAIRDANCE
  8049 | D:7      | 8049 ||| INVOKING Berserk.
  8053 | D:7      | Reached skill level 6 in Armour
  8233 | D:7      | 8233 ||| Stepping ~*~*~tactically~*~*~ (hiding).
  8252 | D:7      | 8252 ||| Stepping ~*~*~tactically~*~*~ (stealth).
  8254 | D:7      | 8254 ||| INVOKING Berserk.
  8279 | D:7      | 8279 ||| Stepping ~*~*~tactically~*~*~ (stealth).
  8286 | D:7      | HP: 14/56 [wight/+4 halberd (7)]
  8287 | D:7      | 8287 ||| READING 7 scrolls of teleportation.
  8673 | D:7      | 8673 ||| Stepping ~*~*~tactically~*~*~ (stealth).
  8676 | D:7      | 8676 ||| INVOKING Berserk.
  8680 | D:7      | Reached **** piety under Trog
  8855 | D:7      | 8855 ||| UPGRADING to +2 chain mail of cold resistance.
  8865 | D:7      | 8865 ||| READING 3 scrolls of identify.
  8865 | D:7      | 8865 ||| IDENTIFYING fuming cyan potion
  8866 | D:7      | 8866 ||| READING 2 scrolls of identify.
  8866 | D:7      | 8866 ||| IDENTIFYING orange potion
  8867 | D:7      | 8867 ||| DROPPING potion of attraction.
  8868 | D:7      | 8868 ||| DROPPING potion of lignification.
  8905 | D:8      | Noticed a hornet
  8928 | D:8      | 8928 ||| INVOKING Berserk.
  8930 | D:8      | Killed a hornet
  8931 | D:8      | Reached skill level 10 in Axes
  9039 | D:8      | 9039 ||| FLEEEEING.
  9040 | D:8      | 9040 ||| FLEEEEING.
  9041 | D:8      | 9041 ||| STAIRDANCE
  9089 | D:8      | 9089 ||| Stepping ~*~*~tactically~*~*~ (stealth).
  9090 | D:8      | 9090 ||| Stepping ~*~*~tactically~*~*~ (stealth).
  9094 | D:8      | 9094 ||| Stepping ~*~*~tactically~*~*~ (hiding).
  9107 | D:8      | 9107 ||| Stepping ~*~*~tactically~*~*~ (stealth).
  9110 | D:8      | Noticed a troll
  9116 | D:8      | 9116 ||| INVOKING Berserk.
  9120 | D:8      | Killed a troll
  9121 | D:8      | Reached XP level 10. HP: 64/64 MP: 10/10
  9195 | D:8      | 9195 ||| Stepping ~*~*~tactically~*~*~ (stealth).
  9203 | D:8      | 9203 ||| INVOKING Berserk.
  9381 | D:8      | 9381 ||| Stepping ~*~*~tactically~*~*~ (stealth).
  9385 | D:8      | 9385 ||| Stepping ~*~*~tactically~*~*~ (hiding).
  9387 | D:8      | 9387 ||| Stepping ~*~*~tactically~*~*~ (stealth).
  9536 | D:8      | Found an iron altar of Okawaru.
  9536 | D:8      | Found a glowing silver altar of Zin.
  9544 | D:8      | Found a hazy altar of Hepliaklqana.
  9546 | D:8      | Found a stormy altar of Qazlal.
  9548 | D:8      | Found a sparkling altar of Nemelex Xobeh.
  9586 | D:8      | Found an ornate altar of the Wu Jian Council.
  9589 | D:8      | 9589 ||| Stepping ~*~*~tactically~*~*~ (stealth).
  9613 | D:8      | Killed an unseen horror
  9614 | D:8      | Reached skill level 11 in Axes
  9685 | D:8      | 9685 ||| FLEEEEING.
  9823 | D:8      | 9823 ||| Stepping ~*~*~tactically~*~*~ (stealth).
  9825 | D:8      | 9825 ||| Stepping ~*~*~tactically~*~*~ (stealth).
  9911 | D:8      | 9911 ||| Stepping ~*~*~tactically~*~*~ (hiding).
  9935 | D:8      | 9935 ||| FLEEEEING.
  9975 | D:8      | 9975 ||| FLEEEEING.
 10087 | D:8      | 10087 ||| DROPPING +0 flail.
 10103 | D:8      | 10103 ||| Stepping ~*~*~tactically~*~*~ (stealth).
 10105 | D:8      | 10105 ||| Stepping ~*~*~tactically~*~*~ (hiding).
 10107 | D:8      | 10107 ||| Stepping ~*~*~tactically~*~*~ (hiding).
 10251 | D:8      | 10251 ||| UPGRADING to +0 pair of boots.
 10271 | D:9      | 10271 ||| Stepping ~*~*~tactically~*~*~ (hiding).
 10289 | D:9      | 10289 ||| Stepping ~*~*~tactically~*~*~ (stealth).
 10299 | D:9      | 10299 ||| Stepping ~*~*~tactically~*~*~ (stealth).
 10428 | D:9      | Reached skill level 9 in Fighting
 10502 | D:9      | 10502 ||| STAIRDANCE
 10576 | D:9      | Found an ancient bone altar of Kikubaaqudgha.
 10579 | D:9      | Found a bloodstained altar of Trog.
 10584 | D:9      | Found a snail-covered altar of Cheibriados.
 10586 | D:9      | 10586 ||| Stepping ~*~*~tactically~*~*~ (hiding).
 10919 | D:9      | 10919 ||| Stepping ~*~*~tactically~*~*~ (stealth).
 10920 | D:9      | 10920 ||| Stepping ~*~*~tactically~*~*~ (stealth).
 10937 | D:9      | 10937 ||| INVOKING Berserk.
 11098 | D:9      | 11098 ||| INVOKING Berserk.
 11341 | D:9      | Found a staircase to the Orcish Mines.
 11353 | D:9      | 11353 ||| Stepping ~*~*~tactically~*~*~ (stealth).
 11355 | D:9      | 11355 ||| Stepping ~*~*~tactically~*~*~ (hiding).
 11357 | D:9      | 11357 ||| Stepping ~*~*~tactically~*~*~ (hiding).
 11385 | D:9      | 11385 ||| INVOKING Berserk.
 11517 | D:9      | 11517 ||| READING scroll of enchant armour.
 11517 | D:9      | 11517 ||| ENCHANTING +0 pair of gloves.
 11609 | D:9      | 11609 ||| Stepping ~*~*~tactically~*~*~ (stealth).
 11611 | D:9      | 11611 ||| INVOKING Berserk.
 11894 | D:9      | 11894 ||| READING scroll labelled SUHUOL QEMOP.
 11958 | D:9      | 11958 ||| READING 4 scrolls of identify.
 11958 | D:9      | 11958 ||| IDENTIFYING golden potion
 11959 | D:9      | 11959 ||| READING 3 scrolls of identify.
 11959 | D:9      | 11959 ||| IDENTIFYING amethyst potion
 11960 | D:9      | 11960 ||| DROPPING potion of magic.
 11961 | D:9      | 11961 ||| DROPPING potion of degeneration.
 11966 | D:10     | Entered Level 10 of the Dungeon
 11966 | D:10     | Found Qiteloh's Weapon Boutique.
 12055 | D:10     | 12055 ||| READING scroll of enchant armour.
 12055 | D:10     | 12055 ||| ENCHANTING +1 pair of gloves.
 12144 | D:10     | Noticed a two-headed ogre
 12148 | D:10     | 12148 ||| INVOKING Berserk.
 12158 | D:10     | Killed a two-headed ogre
 12159 | D:10     | Reached skill level 12 in Axes
 12159 | D:10     | Reached XP level 11. HP: 71/71 MP: 11/11
 12279 | D:10     | 12279 ||| Stepping ~*~*~tactically~*~*~ (hiding).
 12529 | D:10     | Found a portal to a secret trove of treasure.
 12615 | D:10     | 12615 ||| READING scroll of enchant weapon.
 12615 | D:10     | 12615 ||| ENCHANTING +2 war axe of freezing.
 12784 | D:10     | 12784 ||| FLEEEEING.
 12787 | D:10     | 12787 ||| FLEEEEING.
 12788 | D:10     | 12788 ||| FLEEEEING.
 12789 | D:10     | 12789 ||| FLEEEEING.
 12790 | D:10     | 12790 ||| FLEEEEING.
 12791 | D:10     | 12791 ||| FLEEEEING.
 12792 | D:10     | 12792 ||| FLEEEEING.
 12793 | D:10     | 12793 ||| FLEEEEING.
 12799 | D:10     | 12799 ||| FLEEEEING.
 12800 | D:10     | 12800 ||| FLEEEEING.
 12804 | D:10     | 12804 ||| FLEEEEING.
 12807 | D:10     | 12807 ||| FLEEEEING.
 12808 | D:10     | 12808 ||| FLEEEEING.
 12809 | D:10     | 12809 ||| FLEEEEING.
 12810 | D:10     | 12810 ||| FLEEEEING.
 12811 | D:10     | 12811 ||| FLEEEEING.
 12812 | D:10     | 12812 ||| FLEEEEING.
 12813 | D:10     | 12813 ||| FLEEEEING.
 12814 | D:10     | 12814 ||| FLEEEEING.
 12815 | D:10     | 12815 ||| FLEEEEING.
 12816 | D:10     | 12816 ||| FLEEEEING.
 12822 | D:10     | 12822 ||| FLEEEEING.
 12823 | D:10     | 12823 ||| STAIRDANCE
 13022 | D:9      | 13022 ||| UPGRADING to ring of willpower.
 13337 | D:11     | 13337 ||| STAIRDANCE
 13476 | D:11     | Found a runed translucent gate.
 13476 | D:11     | Found a runed translucent gate.
 13476 | D:11     | Found a runed translucent gate.
 13477 | D:11     | Noticed a five-headed hydra
 13477 | D:11     | Noticed a boulder beetle
 13478 | D:11     | Noticed qw's ghost (journeyman GrBe)
 13478 | D:11     | Noticed a boulder beetle
 13479 | D:11     | Noticed a two-headed ogre
 13513 | D:11     | Noticed a two-headed ogre
 13517 | D:11     | 13517 ||| INVOKING Berserk.
 13520 | D:11     | Killed a two-headed ogre
 13667 | D:11     | Noticed a cyclops
 13671 | D:11     | 13671 ||| INVOKING Berserk.
 13675 | D:11     | Killed a cyclops
 13803 | D:11     | Found a staircase to the Lair.
 13806 | D:11     | Noticed a manticore
 13810 | D:11     | 13810 ||| INVOKING Berserk.
 13813 | D:11     | Killed a manticore
 13927 | D:11     | 13927 ||| READING scroll of brand weapon.
 13927 | D:11     | 13927 ||| BRANDING +3 war axe of freezing.
 13959 | D:11     | Noticed Lodul
 13975 | D:11     | 13975 ||| INVOKING Berserk.
 13978 | D:11     | Killed Lodul
 13978 | D:11     | Noticed a boulder beetle
 13979 | D:11     | Reached skill level 13 in Axes
 13989 | D:11     | HP: 6/73 [boulder beetle (20)]
 13990 | D:11     | 13990 ||| READING 6 scrolls of teleportation.
 13991 | D:11     | 13991 ||| DRINKING 2 potions of heal wounds.
 14181 | D:11     | Noticed a manticore
 14197 | D:11     | 14197 ||| INVOKING Berserk.
 14203 | D:11     | Killed a boulder beetle
 14399 | D:11     | 14399 ||| READING 3 scrolls labelled CUSESK DATAE.
 14400 | D:11     | 14400 ||| PLANNING LAIR
 14400 | D:11     | 14400 ||| READING 3 scrolls of identify.
 14400 | D:11     | 14400 ||| IDENTIFYING pink potion
 14401 | D:11     | 14401 ||| DROPPING 2 scrolls of vulnerability.
 14402 | D:11     | 14402 ||| DROPPING potion of ambrosia.
 14444 | Lair:1   | Entered Level 1 of the Lair of Beasts
 14444 | Lair:1   | Noticed Urug
 14450 | Lair:1   | 14450 ||| INVOKING Berserk.
 14462 | Lair:1   | Killed Urug
 14616 | Lair:1   | Reached skill level 3 in Throwing
 14690 | Lair:1   | 14690 ||| INVOKING Berserk.
 14695 | Lair:1   | Reached XP level 12. HP: 78/78 MP: 12/12
 14827 | Lair:1   | 14827 ||| READING scroll of enchant armour.
 14827 | Lair:1   | 14827 ||| ENCHANTING +0 helmet.
 15029 | Lair:1   | Found a runed translucent gate.
 15031 | Lair:1   | Found a runed translucent gate.
 15033 | Lair:1   | 15033 ||| Stepping ~*~*~tactically~*~*~ (hiding).
 15112 | Lair:1   | Noticed a seven-headed hydra
 15113 | Lair:1   | 15113 ||| INVOKING Brothers in Arms.
 15114 | Lair:1   | 15114 ||| INVOKING Brothers in Arms.
 15115 | Lair:1   | 15115 ||| SWAPPING to +0 morningstar.
 15116 | Lair:1   | 15116 ||| INVOKING Berserk.
 15118 | Lair:1   | Killed a seven-headed hydra
 15125 | Lair:1   | Reached skill level 14 in Axes
 15215 | Lair:1   | 15215 ||| SWAPPING to +3 war axe of protection.
 15240 | Lair:1   | 15240 ||| INVOKING Berserk.
 15668 | Lair:1   | Reached skill level 9 in Armour
 15858 | Lair:1   | Found a runed translucent gate.
 15858 | Lair:1   | Noticed qw's ghost (journeyman FoCA)
 16126 | Lair:2   | 16126 ||| Stepping ~*~*~tactically~*~*~ (stealth).
 16131 | Lair:2   | 16131 ||| Stepping ~*~*~tactically~*~*~ (stealth).
 16173 | Lair:2   | 16173 ||| FLEEEEING.
 16175 | Lair:2   | 16175 ||| FLEEEEING.
 16178 | Lair:2   | 16178 ||| FLEEEEING.
 16179 | Lair:2   | 16179 ||| FLEEEEING.
 16180 | Lair:2   | 16180 ||| FLEEEEING.
 16181 | Lair:2   | 16181 ||| FLEEEEING.
 16182 | Lair:2   | 16182 ||| FLEEEEING.
 16183 | Lair:2   | 16183 ||| FLEEEEING.
 16184 | Lair:2   | 16184 ||| FLEEEEING.
 16186 | Lair:2   | 16186 ||| FLEEEEING.
 16187 | Lair:2   | 16187 ||| FLEEEEING.
 16189 | Lair:2   | 16189 ||| FLEEEEING.
 16190 | Lair:2   | 16190 ||| FLEEEEING.
 16191 | Lair:2   | 16191 ||| FLEEEEING.
 16192 | Lair:2   | 16192 ||| FLEEEEING.
 16193 | Lair:2   | 16193 ||| FLEEEEING.
 16194 | Lair:2   | 16194 ||| FLEEEEING.
 16195 | Lair:2   | 16195 ||| FLEEEEING.
 16196 | Lair:2   | 16196 ||| FLEEEEING.
 16197 | Lair:2   | 16197 ||| FLEEEEING.
 16198 | Lair:2   | 16198 ||| FLEEEEING.
 16199 | Lair:2   | 16199 ||| FLEEEEING.
 16200 | Lair:2   | 16200 ||| FLEEEEING.
 16201 | Lair:2   | 16201 ||| FLEEEEING.
 16202 | Lair:2   | 16202 ||| FLEEEEING.
 16203 | Lair:2   | 16203 ||| STAIRDANCE
 16248 | Lair:2   | 16248 ||| INVOKING Berserk.
 16258 | Lair:2   | 16258 ||| STAIRDANCE
 16366 | Lair:2   | 16366 ||| INVOKING Berserk.
 16656 | Lair:2   | Found a hole to the Spider Nest.
 16657 | Lair:2   | 16657 ||| Stepping ~*~*~tactically~*~*~ (hiding).
 16921 | Lair:2   | Reached skill level 15 in Axes
 16931 | Lair:2   | 16931 ||| INVOKING Berserk.
 17630 | Lair:3   | 17630 ||| FLEEEEING.
 17668 | Lair:3   | 17668 ||| Stepping ~*~*~tactically~*~*~ (stealth).
 17720 | Lair:3   | 17720 ||| Stepping ~*~*~tactically~*~*~ (stealth).
 17727 | Lair:3   | Reached XP level 13. HP: 75/84 MP: 13/13
 17799 | Lair:3   | Reached ***** piety under Trog
 18190 | Lair:3   | Reached skill level 12 in Fighting
 18451 | Lair:3   | 18451 ||| INVOKING Berserk.
 18469 | Lair:3   | 18469 ||| INVOKING Brothers in Arms.
 18567 | Lair:3   | 18567 ||| Stepping ~*~*~tactically~*~*~ (stealth).
 18569 | Lair:3   | Found a staircase to the Shoals.
 18578 | Lair:3   | 18578 ||| INVOKING Berserk.
 18900 | Lair:4   | 18900 ||| INVOKING Berserk.
 18912 | Lair:4   | Reached skill level 3 in Dodging
 19072 | Lair:4   | 19072 ||| FLEEEEING.
 19073 | Lair:4   | 19073 ||| FLEEEEING.
 19142 | Lair:4   | 19142 ||| INVOKING Berserk.
 19316 | Lair:4   | 19316 ||| INVOKING Berserk.
 19396 | Lair:4   | 19396 ||| Stepping ~*~*~tactically~*~*~ (stealth).
 19398 | Lair:4   | 19398 ||| INVOKING Brothers in Arms.
 19401 | Lair:4   | 19401 ||| SWAPPING to +0 morningstar.
 19402 | Lair:4   | 19402 ||| INVOKING Berserk.
 19453 | Lair:4   | 19453 ||| SWAPPING to +3 war axe of protection.
 19558 | Lair:4   | Identified the +10 quarterstaff "Cenatiko" {vorpal, Str+2
                  | Dex+3}
 19577 | Lair:4   | 19577 ||| Stepping ~*~*~tactically~*~*~ (stealth).
 19620 | Lair:4   | Reached skill level 16 in Axes
 20117 | Lair:5   | Entered Level 5 of the Lair of Beasts
 20155 | Lair:5   | 20155 ||| INVOKING Berserk.
 20317 | Lair:5   | 20317 ||| Stepping ~*~*~tactically~*~*~ (stealth).
 20318 | Lair:5   | 20318 ||| Stepping ~*~*~tactically~*~*~ (stealth).
 20364 | Lair:5   | 20364 ||| INVOKING Berserk.
 20487 | Lair:5   | 20487 ||| INVOKING Berserk.
 20599 | Lair:5   | Found a staircase to the Slime Pits.
 20599 | Lair:5   | Found a viscous altar of Jiyva.
 20600 | Lair:5   | 20600 ||| Stepping ~*~*~tactically~*~*~ (stealth).
 20602 | Lair:5   | 20602 ||| Stepping ~*~*~tactically~*~*~ (stealth).
 20603 | Lair:5   | 20603 ||| Stepping ~*~*~tactically~*~*~ (stealth).
 20606 | Lair:5   | 20606 ||| Stepping ~*~*~tactically~*~*~ (stealth).
 20608 | Lair:5   | 20608 ||| Stepping ~*~*~tactically~*~*~ (stealth).
 20672 | Lair:5   | 20672 ||| Stepping ~*~*~tactically~*~*~ (hiding).
 20674 | Lair:5   | 20674 ||| INVOKING Berserk.
 20692 | Lair:5   | 20692 ||| INVOKING Brothers in Arms.
 20693 | Lair:5   | 20693 ||| INVOKING Brothers in Arms.
 20694 | Lair:5   | 20694 ||| INVOKING Brothers in Arms.
 20695 | Lair:5   | 20695 ||| INVOKING Brothers in Arms.
 20696 | Lair:5   | 20696 ||| SWAPPING to +0 morningstar.
 20698 | Lair:5   | HP: 17/88 [seven-headed hydra (10)]
 20699 | Lair:5   | 20699 ||| READING 10 scrolls of teleportation.
 20699 | Lair:5   | HP: 6/88 [seven-headed hydra (4)]
 20699 | Lair:5   | Slain by a seven-headed hydra

Levels and vault maps discovered:
D:1:      lightli_arrival_lavapool, layout_loops_corners, serial_shops,
          shop_fountains, nicolae_shop_competitors_out_of_business,
          nicolae_shop_hallway_plus, shop, serial_co_window_serial,
          co_window_paths_a, co_window_paths_b, co_window_paths_b,
          co_window_corner_a, co_window_of_opportunity_a,
          co_window_of_opportunity_a, co_window_of_opportunity_c,
          co_window_of_opportunity_b, co_window_corner_ca, co_window_sun,
          co_window_4corner_b, glass_columns_a, glass_columns_b,
          glass_columns_b, hellmonk_ecumenical_altar_inner_sanctum,
          item_on_display_a
D:2:      layout_basic, grunt_decor_mini_mirrors, minmay_octomino_e4,
          uniq_natasha, uniq_jessica
D:3:      layout_loops_cross, guppyfry_early_lair_pool
D:4:      layout_loops_ring, ebering_ghost_sewer_f
D:5:      layout_cave_pools, temple_green, uniq_prince_ribbit1
D:6:      layout_basic, uniq_eustachio, uniq_blork_the_orc
D:7:      layout_basic, minivault_24
D:8:      layout_cave_pools, nicolae_wu_jian_wuxing_cycle,
          chequers_temple_overflow_minitemple, kennysheep_generic_room_5
D:9:      layout_loops_ring, grunt_temple_overflow_open, david_orc_1_choice
D:10:     layout_basic, trove_entry_hex_spiral, serial_shops,
          nicolae_shop_bloodbath_and_beyond
D:11:     layout_big_octagon, lair_entry_dummy, gammafunk_ghost_split,
          uniq_lodul
Lair:1:   beast_lair_carwin_large_2, layout_cave_pods,
          ebering_ghost_rock_garden, infiniplex_staircase_pool_2, uniq_urug
Lair:2:   layout_loops_ring, hellmonk_spider_entry_life_and_decay, special_room
          [special_room_bee], chequers_serial_rivers_room_b
Lair:3:   layout_loops_ring, minmay_shoals_entry_beasts
Lair:4:   layout_roguey, lemuel_fruit_tree, grunt_megastairs_5,
          infiniplex_staircase_pool
Lair:5:   evilmike_catoblepas_cave, layout_small_grid, slime_entry_1

Skill      XL: |  1  2  3  4  5  6  7  8  9 10 11 12 13 |
---------------+----------------------------------------+-----
Axes           | 3 4 5 6 7 8 10 12 13 15 16 | 16.0
Fighting       | 4 5 6 8 9 10 11 13 | 13.0
Throwing       | 1 3 5 |  5.0
Armour         | 5 6 7 8 9 10 | 10.7
Dodging        | 2 3 |  3.3

Action                   |  1- 3 |  4- 6 |  7- 9 | 10-12 | 13-15 || total
-------------------------+-------+-------+-------+-------+-------++-------
Melee: Hand axe          |   118 |    61 |       |       |       ||   179
       Punch             |     3 |     2 |     3 |     5 |     5 ||    18
       War axe           |       |    72 |   212 |   613 |   270 ||  1167
       Kick              |       |     7 |    59 |    16 |       ||    82
       Bite              |       |     1 |    22 |    87 |    35 ||   145
       Morningstar       |       |       |       |     7 |    19 ||    26
Throw: Boomerang         |       |    19 |    80 |    58 |    12 ||   169
       Javelin           |       |       |       |    27 |    41 ||    68
Invok: Berserk           |     3 |     6 |    12 |    18 |    10 ||    49
       Brothers in Arms  |       |       |       |     1 |     3 ||     4
  Use: Scroll            |     3 |     5 |    13 |    11 |     1 ||    33
       Potion            |       |     1 |     1 |     1 |       ||     3
Armor: Animal skin       |    34 |     7 |       |       |       ||    41
       Robe              |       |    13 |       |       |       ||    13
       Scale mail        |       |    15 |    30 |       |       ||    45
       Plate armour      |       |       |    57 |       |       ||    57
       Chain mail        |       |       |    27 |   408 |   304 ||   739
Dodge: Dodged            |    40 |    64 |    64 |   272 |   134 ||   574

Table legend:
 A = Non-vault XP
 B = Vault XP
 C = Vault XP percentage of total XP
 D = Non-vault monster count
 E = Vault monster count
 F = Vault count percentage of total count
                 A         B        C        D         E       F
            +---------+---------+-------+---------+---------+-------
      Total |   43902 |    9519 |  17.8 |     349 |      64 |  15.5
            +---------+---------+-------+---------+---------+-------
        D:1 |      64 |       0 |   0.0 |      32 |       0 |   0.0
        D:2 |     105 |      76 |  42.0 |      18 |       5 |  21.7
        D:3 |      54 |       0 |   0.0 |      20 |       0 |   0.0
        D:4 |     586 |       0 |   0.0 |      37 |       0 |   0.0
        D:5 |     336 |     296 |  46.8 |      18 |       1 |   5.3
        D:6 |     747 |     290 |  28.0 |      18 |       2 |  10.0
        D:7 |    1262 |       0 |   0.0 |      29 |       0 |   0.0
        D:8 |    1904 |     566 |  22.9 |      31 |       3 |   8.8
        D:9 |    1504 |     754 |  33.4 |      23 |       9 |  28.1
       D:10 |    2880 |       0 |   0.0 |      12 |       0 |   0.0
       D:11 |    3826 |    1463 |  27.7 |       9 |       7 |  43.8
     Lair:1 |    3558 |    2793 |  44.0 |      13 |       7 |  35.0
     Lair:2 |    5997 |    2247 |  27.3 |      20 |      27 |  57.4
     Lair:3 |    3530 |     881 |  20.0 |      17 |       2 |  10.5
     Lair:4 |   11777 |     153 |   1.3 |      34 |       1 |   2.9
     Lair:5 |    5772 |       0 |   0.0 |      18 |       0 |   0.0
            +---------+---------+-------+---------+---------+-------
